Map: Blackpink LE

Players

Mellanderfer

  • Race: Zerg Zerg
  • League: Gold
  • Spawn Location: 7:00

Kozzy - Winner!

  • Race: Protoss Protoss
  • League: Gold
  • Spawn Location: 1:00

VOD

Have the link to the VOD?

Description

Time

  • Played on: April 3, 2018, 8:54 a.m.
  • Length: 6:34
Show
View Real Time Build Order
Export as new Build Order

Mellanderfer Zerg 

Build Orders: Hatch First 

Get SALT Encoding   

  12  0:03  Drone  
  13  0:13  Overlord  
  13  0:19  Drone  
  14  0:32  Drone  
  14  0:33  Drone  
  16  0:40  Drone  
  17  0:54  Hatchery  
  17  0:56  Drone  
  17  1:03  Drone  
  18  1:09  Extractor  
  17  1:21  Spawning Pool  
  16  1:27  Drone x2  
  18  1:44  Drone x2  
  20  1:52  Overlord  
  20  2:03  Drone  
  21  2:13  Zergling x4  
  23  2:16  Queen x2  
  23  2:19  Drone  
  23  2:21  Metabolic Boost  
  28  2:23  Drone  
  28  2:29  Drone  
  30  2:47  Drone  
  30  2:48  Drone x2  
  33  3:00  Overlord x2  
  33  3:01  Hatchery  
  32  3:12  Drone x3  
  35  3:24  Baneling Nest  
  34  3:35  Drone x6  
  40  3:46  Zergling x6  
  43  3:53  Drone x2  
  45  4:00  Drone  
  45  4:01  Drone  
  47  4:04  Extractor  
  47  4:09  Drone  
  47  4:10  Drone x2  
  47  4:16  Drone  
  47  4:17  Drone x4  
  53  4:23  Extractor, Overlord  
  53  4:30  Overlord x2  
  53  4:38  Queen  
  53  4:41  Drone x2  
  53  4:42  Drone x4  
  61  4:59  Drone  
  62  5:00  Drone  
  62  5:01  Drone x4  
  62  5:06  Lair  
  67  5:14  Drone x3  
  68  5:15  Drone  
  68  5:18  Extractor  
  68  5:19  Extractor  
  68  5:21  Queen x2  
  69  5:25  Zergling x8  
  69  5:26  Zergling x2  
  78  5:32  Overlord x2  
  73  5:48  Zergling x12  
  73  5:49  Zergling x4  
  74  5:57  Zergling x10  
Show
View Real Time Build Order
Export as new Build Order

Kozzy Protoss - Winner!

Build Orders:  

Get SALT Encoding   

  12  0:01  Probe  
  13  0:13  Probe  
  14  0:19  Pylon  
  14  0:25  Probe  
  15  0:37  Probe  
  15  0:40  Gateway  
  16  0:49  Probe (Chrono Boost)  
  17  0:51  Assimilator  
  17  1:01  Probe (Chrono Boost)  
  18  1:06  Probe (Chrono Boost)  
  19  1:14  Assimilator  
  19  1:16  Probe  
  20  1:26  Assimilator  
  20  1:28  Probe  
  21  1:34  Cybernetics Core  
  21  1:40  Probe  
  21  1:42  Pylon  
  22  1:52  Probe  
  23  2:06  Pylon  
  25  2:10  Stalker (Chrono Boost)  
  25  2:18  Forge  
  25  2:21  Probe  
  26  2:28  Shield Battery  
  26  2:35  Stalker (Chrono Boost)  
  28  2:46  Pylon, Warp Gate  
  28  2:48  Protoss Ground Weapons Level 1 (Chrono Boost)  
  28  2:52  Gateway  
  28  3:00  Stalker  
  30  3:14  Probe, Photon Cannon  
  31  3:26  Pylon  
  31  3:34  Stalker  
  33  3:43  Gateway, Stalker  
  35  3:57  Pylon  
  35  4:06  Gateway  
  35  4:17  Stalker  
  37  4:18  Stalker  
  39  4:57  Stalker x2  
  39  4:58  Stalker  
  45  5:06  Pylon  
  45  5:07  Stalker  
  47  5:20  Stalker  
  47  5:21  Stalker x2  
  53  5:47  Zealot x4  
  59  5:55  Gateway  
  59  5:57  Pylon  
  57  6:13  Shield Battery  
  57  6:14  Photon Cannon  
  57  6:15  Zealot x2  
Tags
 
League
GoldGold
Matchup
PvZ
Spawn Locations
Cross Positions
Add a new tag
Caveats
  • Supply blocks, unpowered buildings, or Contaminate may cause inaccurate times.
  • Supply counts are checked every 10 seconds.